Kradschützen Motorcycle Team
Construct Light Support Kompanie
le.IG 18 Support Gun Team
le.IG 18 Mechanized Group
Pak 38 Anti-tank Gun Team
Construct Mechanized Kompanie
254 Reconnaissance Tractor
Selects Defensive Operations
Selects Registered Artillery
Pak 38 Anti-tank Gun Team
Construct Panzerarmee Kommand
Flak 36 Anti-tank Gun Team
Selects Prepared Positions
Selects Obice 305mm Barrage
Marder III Tank Destroyer
Marder III Tank Destroyer